 Dungeon Crawl Stone Soup version 0.15-a0-729-gf6af66c (webtiles) character file.

140 Fungus the Chiller (level 5, 0/31 HPs)
             Began as an Octopode Ice Elementalist on May 10, 2014.
             Slain by an orc wizard
             ... wielding a +0,+0 dagger
              (1 damage)
             ... on Level 3 of the Dungeon.
             The game lasted 00:07:26 (4358 turns).

Fungus the Chiller (Octopode Ice Elementalist)      Turns: 4358, Time: 00:07:26

HP   0/31        AC  1     Str  7      XL: 5   Next: 23%
MP   0/11        EV 12     Int 18      God:
Gold 120         SH  0     Dex 13      Spells:  3 memorised,  4 levels left

rFire  . . .     SeeInvis .     a - +2,+1 short sword (speed)
rCold  . . .     Clarity  .     (no shield)
rNeg   . . .     Conserve .     (helmet restricted)
rPois  .         rCorr    .     (no amulet)
rElec  .         rRot     .     (no ring)
SustAb . .       Spirit   .     (no ring)
rMut   .         Warding  .     (no ring)
Gourm  .         Stasis   .     (no ring)
MR     .....                    (no ring)
                                (no ring)
                                (no ring)
                                (no ring)

@: slowed, very slow, not resistant to hostile enchantments, fairly stealthy
A: almost no armour, amphibious, 8 rings, constrict 8, camouflage 1, gelatinous
body 1
a: no special abilities


You were on level 3 of the Dungeon.
You were not hungry.

You visited 1 branch of the dungeon, and saw 3 of its levels.

You collected 120 gold pieces.

Inventory:

Hand weapons
 a - a +2,+1 short sword of speed (weapon)
 o - a +0,+1 whip
Comestibles
 c - a bread ration
 s - a choko
Scrolls
 e - 3 scrolls of amnesia {unknown}
 f - 2 scrolls of teleportation {unknown}
 g - a scroll of fog {unknown}
 i - 2 scrolls of immolation {unknown}
 l - 2 scrolls of enchant armour {unknown}
 p - a scroll of recharging {unknown}
Jewellery
 m - an uncursed ring of ice {unknown}
Potions
 d - 2 potions of haste {unknown}
 h - a potion of curing {unknown}
 j - a potion of magic {unknown}
 k - 2 potions of might {unknown}
 r - a potion of heal wounds {unknown}
Books
 b - a book of Frost

   Spells                             Type                      Level
   *Freeze                            Ice                          1
   *Throw Frost                       Conjuration/Ice              2
   *Ozocubu's Armour                  Charms/Ice                   3
   Throw Icicle                       Conjuration/Ice              4
   Summon Ice Beast                   Ice/Summoning                4
   Condensation Shield                Ice                          4


   Skills:
 - Level 2.0 Dodging
 + Level 3.4 Stealth
 * Level 3.2 Spellcasting
 * Level 1.6 Conjurations
 * Level 4.4 Ice Magic


You had 4 spell levels left.
You knew the following spells:

 Your Spells              Type           Power        Failure   Level  Hunger
f - Freeze                Ice            ###.         2%          1    None
o - Ozocubu's Armour      Chrm/Ice       ##........   21%         3    ###....
F - Throw Frost           Conj/Ice       ##....       10%         2    ##.....


Dungeon Overview and Level Annotations

Branches:
Dungeon (3/15)

Altars:


Innate Abilities, Weirdness & Mutations

You cannot wear most types of armour.
You are amphibious.
You can wear up to eight rings at the same time.
You can use your tentacles to constrict many enemies at once.
Your skin changes colour to match your surroundings (Stealth).
Your rubbery body absorbs attacks (AC +1).


Message History

The orc wizard points at you and mumbles some strange words.
The magic dart hits you!
Drink which item? (? for menu, Esc to quit)
Okay, then.
Casting: Throw Frost
Confirm with . or Enter, or press ? or * to list all spells.
Aiming: Throw Frost
Press: ? - help, Shift-Dir - straight line, f/p - orc wizard
Aim: an orc wizard, wielding a dagger and wearing a robe (heavily wounded, moving very quickly)
The puff of frost misses the orc wizard.
The orc wizard barely misses you. The orc wizard hits you with a dagger!
* * * LOW HITPOINT WARNING * * *
You barely miss the orc wizard. You grab the orc wizard.
The orc wizard is heavily wounded.
You constrict the orc wizard, but do no damage.
The orc wizard points at you and mumbles some strange words.
The magic dart hits you!
* * * LOW HITPOINT WARNING * * *
The orc wizard hits you with a dagger.
You die...

#################
................#
###############.# #####
#...#.### ### ....#
###.......# ##.##
###<#####.......#.######...##
# #.............#...........#
#########......o#.######...##
..........#.....@.# ##.##
#########.#...##.## #.#
#.##.###.#### #.#######
#.##.###....#####.##.....
#.##...........#...#.####
#....###.........#...# ######
#.....#.#...### #....##.##.##
#.#.###.##.#


You could see an orc wizard.

Vanquished Creatures
  An orc priest (D:3)
  An orc wizard (D:3)
  A worm (D:2)
  2 giant geckos (D:1)
  2 oozes (D:2)
  10 orcs (D:3)
  6 bats
  6 giant cockroaches
  6 hobgoblins
  10 kobolds
  2 giant newts
  9 goblins
  A quokka (D:3)
  10 rats
67 creatures vanquished.

Notes
Turn   | Place    | Note
--------------------------------------------------------------
     0 | D:1      | Fungus, the Octopode Ice Elementalist, began the quest for the Orb.
     0 | D:1      | Reached XP level 1. HP: 11/11 MP: 3/3
   353 | D:1      | Reached XP level 2. HP: 12/17 MP: 0/4
   951 | D:1      | Reached XP level 3. HP: 17/21 MP: 3/6
  1011 | D:1      | Learned a level 2 spell: Throw Frost
  1015 | D:1      | Learned a level 3 spell: Ozocubu's Armour
  2117 | D:2      | Reached skill level 4 in Ice Magic
  2580 | D:2      | Reached XP level 4. HP: 27/27 MP: 5/8
  3029 | D:3      | Noticed an orc warrior
  3599 | D:3      | Reached XP level 5. HP: 31/31 MP: 1/11
  4358 | D:3      | HP: 1/31 [orc wizard/magic dart (4)]
  4358 | D:3      | Slain by an orc wizard

Action                   |  1- 3 |  4- 6 || total
-------------------------+-------+-------++-------
Melee: Unarmed           |     6 |       ||     6
       Whip              |    11 |       ||    11
       Short sword       |     3 |    25 ||    28
 Cast: Freeze            |    26 |       ||    26
       Throw Frost       |    29 |    39 ||    68
       Ozocubu's Armour  |       |     1 ||     1
